General information
			
			
        
        - name: BNet
 
        - type: Ladder team game (AT/RT)
 
        - host: Battle.net
 
        - saver: sc2no_wc4yes
 
        
map: FullScaleAssault 
        - players: 8
 
        - length: 64:38
 
        - speed: Fast
 - version: 1.22 W3XP
 - replay type:  Public
 
» download(379 KB)
Players
        team 1 (winner) 
              
              
» 
sc2no_wc4yes (
red | 56 APM | 3635 actions | 64:38)
              
 10 Warden 
 3 Fan of Knives
 3 Shadow Strike
 1 Spirit of Vengeance
 3 Blink
 
                » actions 
                
                | Assign group hotkey | 78 |  | 
| Basic commands | 61 |  | 
| Build / train | 100 |  | 
| ESC pressed | 3 |  | 
| Enter build submenu | 17 |  | 
| Enter hero's abilities submenu | 11 |  | 
| Give item / drop item | 9 |  | 
| Right click | 1775 |  | 
| Select / deselect | 377 |  | 
| Select group hotkey | 963 |  | 
| Use ability | 241 |  | 
                3635 total
 » units 
                
                | Wisp | 20 |  | 
| Druid of the Talon | 4 |  | 
| Chimaera | 19 |  | 
| Hippogryph | 5 |  | 
                48 total
 » upgrades
                
                | Strength of the Wild | 3 |  | 
| Corrosive Breath | 1 |  | 
| Reinforced Hides | 2 |  | 
| Ultravision | 1 |  | 
                7 total
 » buildings
                
                | Altar of Elders | 1 |  | 
| Moon Well | 6 |  | 
| Tree of Ages | 1 |  | 
| Tree of Life | 4 |  | 
| Ancient of Wind | 2 |  | 
| Hunter's Hall | 1 |  | 
| Tree of Eternity | 1 |  | 
| Chimaera Roost | 3 |  | 
                19 total
 » build order
                00:08 Altar of Elders
00:13 Moon Well
01:31 Moon Well
02:24 Tree of Ages
03:12 Moon Well
03:13 Moon Well
03:14 Moon Well
05:04 Tree of Life
05:38 Ancient of Wind
05:41 Hunter's Hall
05:43 Tree of Eternity
06:10 Ancient of Wind
08:27 Chimaera Roost
08:28 Chimaera Roost
08:29 Chimaera Roost
09:01 Moon Well
24:19 Tree of Life
24:46 Tree of Life
28:34 Tree of Life
» items
                
                | Healing Salve | 5 |  | 
| Lesser Clarity Potion | 3 |  | 
| Boots of Speed | 1 |  | 
| Staff of Teleportation | 1 |  | 
| Scroll of Speed | 5 |  | 
| Scroll of Town Portal | 12 |  | 
| Tiny Great Hall | 1 |  | 
| Potion of Lesser Invulnerability | 1 |  | 
| Orb of Lightning | 1 |  | 
| Potion of Mana | 1 |  | 
| Potion of Healing | 1 |  | 
                32 total
  
               
              
              
History. (
orange | 14 APM | 885 actions | 64:37)
              
 3 Blademaster 
 2 Wind Walk
 1 Critical Strike
 2 Shadow Hunter 
 1 Hex
 1 Healing Wave
 
                » actions 
                
                | Basic commands | 11 |  | 
| Build / train | 62 |  | 
| Enter build submenu | 12 |  | 
| Enter hero's abilities submenu | 5 |  | 
| Give item / drop item | 2 |  | 
| Right click | 266 |  | 
| Select / deselect | 470 |  | 
| Use ability | 57 |  | 
                885 total
 » units 
                
                | Peon | 10 |  | 
| Troll Batrider | 22 |  | 
| Wind Rider | 10 |  | 
                42 total
 » upgrades
                
                | Ranged Weapons | 1 |  | 
| Liquid Fire | 1 |  | 
| Armor | 1 |  | 
| Envenomed Spears | 1 |  | 
                4 total
 » buildings
                
                | Altar of Storms | 1 |  | 
| Orc Burrow | 4 |  | 
| Voodoo Lounge | 1 |  | 
| War Mill | 1 |  | 
| Stronghold | 1 |  | 
| Watch Tower | 2 |  | 
| Beastiary | 2 |  | 
| Fortress | 1 |  | 
                13 total
 » build order
                00:10 Altar of Storms
00:22 Orc Burrow
00:37 Voodoo Lounge
01:31 War Mill
01:48 Orc Burrow
02:48 Stronghold
03:10 Watch Tower
04:24 Orc Burrow
05:09 Watch Tower
05:18 Beastiary
05:24 Beastiary
06:20 Fortress
08:27 Orc Burrow
» items
                
                | Healing Salve | 1 |  | 
| Lesser Clarity Potion | 1 |  | 
| Scroll of Speed | 1 |  | 
| Potion of Healing | 2 |  | 
| Orb of Lightning | 1 |  | 
| Potion of Mana | 1 |  | 
                7 total
  
               
              
              
IPawnKids (
teal | 57 APM | 3684 actions | 64:37)
              
 4 Blademaster 
 2 Wind Walk
 2 Critical Strike
 3 Far Seer 
 2 Feral Spirit
 1 Chain Lighting
 
                » actions 
                
                | Basic commands | 12 |  | 
| Build / train | 168 |  | 
| Enter build submenu | 137 |  | 
| Enter hero's abilities submenu | 7 |  | 
| Remove unit from queue | 6 |  | 
| Right click | 1857 |  | 
| Select / deselect | 1269 |  | 
| Use ability | 228 |  | 
                3684 total
 » units 
                
                | Peon | 108 |  | 
| Troll Headhunter/Berserker | 6 |  | 
| Tauren | 12 |  | 
| Troll Batrider | 2 |  | 
| Grunt | 5 |  | 
| Goblin Zeppelin | 1 |  | 
                134 total
 » upgrades
                
                | Troll Regeneration | 1 |  | 
| Reinforced Defenses | 1 |  | 
| Pulverize | 1 |  | 
| Spiked Barricades | 1 |  | 
| Berserker Strength | 1 |  | 
| Shaman Training | 1 |  | 
| Armor | 2 |  | 
                8 total
 » buildings
                
                | Altar of Storms | 6 |  | 
| Orc Burrow | 27 |  | 
| Voodoo Lounge | 3 |  | 
| Barracks | 3 |  | 
| War Mill | 5 |  | 
| Stronghold | 4 |  | 
| Fortress | 3 |  | 
| Watch Tower | 55 |  | 
| Tauren Totem | 9 |  | 
| Great Hall | 10 |  | 
| Beastiary | 2 |  | 
| Spirit Lodge | 1 |  | 
                128 total
 » build order
                00:04 Altar of Storms
00:08 Orc Burrow
00:58 Voodoo Lounge
01:38 Barracks
02:04 Orc Burrow
02:46 War Mill
03:28 Stronghold
03:52 Orc Burrow
05:50 Fortress
06:35 Orc Burrow
06:45 Watch Tower
08:45 Tauren Totem
08:49 Tauren Totem
09:30 Tauren Totem
14:39 Altar of Storms
14:41 Orc Burrow
14:44 Orc Burrow
16:08 War Mill
17:32 Tauren Totem
18:00 Tauren Totem
19:01 Tauren Totem
19:04 Tauren Totem
19:57 Orc Burrow
20:21 Orc Burrow
20:25 Orc Burrow
20:28 Altar of Storms
20:59 Orc Burrow
22:37 Altar of Storms
22:58 War Mill
23:17 Great Hall
24:28 Great Hall
25:31 Beastiary
26:10 Orc Burrow
26:52 Beastiary
26:56 Orc Burrow
28:04 Watch Tower
28:13 Watch Tower
28:18 Watch Tower
28:30 Watch Tower
28:45 Watch Tower
28:51 Watch Tower
29:06 Watch Tower
29:16 Watch Tower
29:27 Watch Tower
29:31 Watch Tower
29:55 Watch Tower
32:31 Great Hall
33:14 Orc Burrow
34:29 Great Hall
35:41 Orc Burrow
36:35 Orc Burrow
37:16 Great Hall
38:08 Great Hall
40:10 Orc Burrow
41:46 Altar of Storms
42:03 Great Hall
42:09 Orc Burrow
42:14 Barracks
42:37 Orc Burrow
43:02 Barracks
43:08 Orc Burrow
43:27 War Mill
44:03 Orc Burrow
44:05 Voodoo Lounge
45:00 Stronghold
45:01 Stronghold
45:17 Watch Tower
45:22 Watch Tower
46:27 Watch Tower
46:30 Watch Tower
46:34 Watch Tower
46:46 Great Hall
46:51 Watch Tower
47:36 Watch Tower
47:42 Watch Tower
47:45 Fortress
47:50 Spirit Lodge
47:59 Watch Tower
48:14 Watch Tower
49:05 Watch Tower
49:18 Watch Tower
49:19 Watch Tower
49:47 Watch Tower
49:52 War Mill
50:03 Orc Burrow
50:29 Orc Burrow
50:53 Orc Burrow
51:01 Great Hall
51:32 Watch Tower
51:35 Watch Tower
52:06 Watch Tower
52:12 Orc Burrow
52:37 Watch Tower
52:48 Orc Burrow
53:10 Watch Tower
53:19 Watch Tower
53:47 Watch Tower
53:51 Watch Tower
54:41 Stronghold
54:46 Watch Tower
55:09 Watch Tower
55:29 Watch Tower
56:01 Watch Tower
56:02 Watch Tower
56:03 Watch Tower
56:25 Watch Tower
56:30 Great Hall
56:52 Watch Tower
57:12 Watch Tower
57:32 Watch Tower
57:32 Watch Tower
58:14 Altar of Storms
58:26 Watch Tower
58:29 Watch Tower
58:40 Orc Burrow
58:43 Orc Burrow
58:55 Watch Tower
60:29 Watch Tower
60:45 Fortress
60:49 Watch Tower
61:01 Watch Tower
61:20 Voodoo Lounge
61:40 Watch Tower
61:49 Watch Tower
61:54 Watch Tower
63:35 Watch Tower
63:49 Tauren Totem
63:52 Tauren Totem
» items
                
                | Healing Salve | 3 |  | 
| Lesser Clarity Potion | 3 |  | 
| Tiny Great Hall | 1 |  | 
| Orb of Lightning | 1 |  | 
| Circlet of Nobility | 1 |  | 
| Staff of Teleportation | 1 |  | 
                10 total
  
               
              
              
raph_cool (
green | 45 APM | 1718 actions | 38:24)
              
 9 Blademaster 
 3 Wind Walk
 3 Critical Strike
 1 Bladestorm
 2 Mirror Image
 
                » actions 
                
                | Assign group hotkey | 10 |  | 
| Build / train | 91 |  | 
| Enter build submenu | 29 |  | 
| Enter hero's abilities submenu | 9 |  | 
| Give item / drop item | 1 |  | 
| Remove unit from queue | 1 |  | 
| Right click | 1011 |  | 
| Select / deselect | 337 |  | 
| Select group hotkey | 86 |  | 
| Use ability | 143 |  | 
                1718 total
 » units 
                
                | Peon | 19 |  | 
| Troll Headhunter/Berserker | 10 |  | 
| Shaman | 10 |  | 
| Kodo Beast | 4 |  | 
| Demolisher | 3 |  | 
| Tauren | 3 |  | 
                49 total
 » upgrades
                
                | Shaman Training | 2 |  | 
| Witch Doctor Training | 1 |  | 
| War Drums Damage Increase | 1 |  | 
| Berserker Upgrade | 1 |  | 
| Burning Oil | 1 |  | 
| Pulverize | 1 |  | 
| Melee Weapons | 2 |  | 
| Armor | 1 |  | 
                10 total
 » buildings
                
                | Orc Burrow | 9 |  | 
| Altar of Storms | 3 |  | 
| Voodoo Lounge | 1 |  | 
| War Mill | 2 |  | 
| Barracks | 2 |  | 
| Stronghold | 1 |  | 
| Great Hall | 2 |  | 
| Fortress | 1 |  | 
| Spirit Lodge | 3 |  | 
| Beastiary | 1 |  | 
| Tauren Totem | 4 |  | 
                29 total
 » build order
                00:08 Orc Burrow
00:11 Altar of Storms
00:18 Voodoo Lounge
01:53 Orc Burrow
02:05 War Mill
02:17 Barracks
02:28 Barracks
02:59 Orc Burrow
04:07 Stronghold
05:59 Orc Burrow
07:06 Great Hall
09:07 Fortress
09:14 Spirit Lodge
09:43 Spirit Lodge
09:44 Spirit Lodge
09:56 Beastiary
16:46 Orc Burrow
16:48 Orc Burrow
16:48 Orc Burrow
19:54 Tauren Totem
19:56 Tauren Totem
20:04 War Mill
21:46 Tauren Totem
21:49 Tauren Totem
29:45 Great Hall
29:48 Orc Burrow
29:51 Altar of Storms
31:22 Orc Burrow
32:04 Altar of Storms
» items
                
                | Healing Salve | 4 |  | 
| Lesser Clarity Potion | 4 |  | 
| Scroll of Town Portal | 4 |  | 
| Potion of Healing | 4 |  | 
| Orb of Lightning | 1 |  | 
| Potion of Mana | 2 |  | 
                19 total
  
               team 2 (loser) 
              
              
Yuki-Nagato (
blue | 47 APM | 3028 actions | 64:37)
              
 7 Death Knight 
 3 Death Coil
 3 Unholy Aura
 1 Animate Dead
 6 Lich 
 3 Frost Nova
 2 Dark Ritual
 1 Death and Decay
 
                » actions 
                
                | Assign group hotkey | 143 |  | 
| Basic commands | 3 |  | 
| Build / train | 88 |  | 
| ESC pressed | 13 |  | 
| Enter build submenu | 49 |  | 
| Enter hero's abilities submenu | 13 |  | 
| Right click | 1559 |  | 
| Select / deselect | 661 |  | 
| Select group hotkey | 260 |  | 
| Use ability | 239 |  | 
                3028 total
 » units 
                
                | Acolyte | 24 |  | 
| Ghoul | 3 |  | 
| Crypt Fiend | 20 |  | 
| Obsidian Statue | 4 |  | 
                51 total
 » upgrades
                
                | Web | 1 |  | 
| Creature Attack | 3 |  | 
| Destroyer Form | 1 |  | 
| Creature Carapace | 1 |  | 
                6 total
 » buildings
                
                | Ziggurat | 13 |  | 
| Altar of Darkness | 1 |  | 
| Graveyard | 2 |  | 
| Crypt | 2 |  | 
| Tomb of Relics | 1 |  | 
| Nerubian Tower | 1 |  | 
| Halls of the Dead | 3 |  | 
| Slaughterhouse | 1 |  | 
| Black Citadel | 1 |  | 
| Sacrificial Pit | 1 |  | 
| Temple of the Damned | 1 |  | 
| Boneyard | 1 |  | 
| Necropolis | 7 |  | 
                35 total
 » build order
                00:08 Ziggurat
00:11 Altar of Darkness
00:14 Graveyard
00:52 Crypt
01:03 Tomb of Relics
01:12 Nerubian Tower
01:35 Ziggurat
05:59 Halls of the Dead
06:22 Ziggurat
06:40 Ziggurat
08:58 Slaughterhouse
09:55 Black Citadel
11:54 Ziggurat
16:00 Ziggurat
22:33 Ziggurat
22:34 Ziggurat
22:36 Ziggurat
22:40 Sacrificial Pit
24:37 Temple of the Damned
24:40 Boneyard
30:10 Necropolis
32:15 Ziggurat
32:22 Ziggurat
33:17 Ziggurat
34:00 Necropolis
34:14 Necropolis
34:17 Necropolis
34:31 Ziggurat
36:25 Necropolis
39:05 Necropolis
42:26 Halls of the Dead
43:55 Graveyard
44:06 Crypt
44:15 Halls of the Dead
49:39 Necropolis
» items
                
                | Rod of Necromancy | 3 |  | 
| Dust of Appearance | 3 |  | 
| Scroll of Town Portal | 3 |  | 
| Potion of Healing | 1 |  | 
| Scroll of Protection | 1 |  | 
                11 total
  
               
              
              
COLIN_FILLITER (
yellow | 33 APM | 2102 actions | 64:37)
              
 7 Keeper of the Grove 
 3 Entangling Roots
 3 Thorns Aura
 1 Tranquility
 7 Priestess of the Moon 
 3 Searing Arrows
 3 Trueshot Aura
 1 Starfall
 
                » actions 
                
                | Assign group hotkey | 34 |  | 
| Basic commands | 249 |  | 
| Build / train | 93 |  | 
| ESC pressed | 26 |  | 
| Enter build submenu | 20 |  | 
| Enter hero's abilities submenu | 14 |  | 
| Give item / drop item | 2 |  | 
| Remove unit from queue | 3 |  | 
| Right click | 594 |  | 
| Select / deselect | 431 |  | 
| Select group hotkey | 371 |  | 
| Use ability | 265 |  | 
                2102 total
 » units 
                
                | Wisp | 39 |  | 
| Dryad | 8 |  | 
| Druid of the Claw | 8 |  | 
                55 total
 » upgrades
                
                | Strength of the Wild | 3 |  | 
| Druid of the Claw Training | 2 |  | 
| Reinforced Hides | 3 |  | 
| Mark of the Claw | 1 |  | 
                9 total
 » buildings
                
                | Altar of Elders | 1 |  | 
| Moon Well | 5 |  | 
| Tree of Ages | 2 |  | 
| Hunter's Hall | 1 |  | 
| Ancient of Wonders | 2 |  | 
| Ancient of Lore | 4 |  | 
| Tree of Eternity | 2 |  | 
| Ancient Protector | 1 |  | 
| Tree of Life | 5 |  | 
| Ancient of War | 1 |  | 
                24 total
 » build order
                00:09 Altar of Elders
00:21 Moon Well
01:44 Tree of Ages
02:09 Hunter's Hall
02:17 Moon Well
02:28 Ancient of Wonders
04:13 Ancient of Lore
04:17 Ancient of Lore
05:57 Moon Well
05:58 Moon Well
06:16 Tree of Eternity
06:35 Ancient Protector
08:28 Tree of Life
08:55 Moon Well
15:25 Ancient of Wonders
21:40 Tree of Life
21:45 Tree of Life
24:08 Tree of Life
26:21 Tree of Life
29:43 Tree of Ages
30:13 Ancient of War
32:07 Tree of Eternity
32:12 Ancient of Lore
32:14 Ancient of Lore
» items
                
                | Scroll of Town Portal | 3 |  | 
| Potion of Healing | 2 |  | 
| Orb of Venom | 1 |  | 
                6 total
  
               
              
              
HELPURDEAD (
purple | 41 APM | 2624 actions | 64:37)
              
 4 Death Knight 
 2 Death Coil
 2 Unholy Aura
 6 Lich 
 3 Frost Nova
 2 Frost Armor
 1 Death and Decay
 
                » actions 
                
                | Assign group hotkey | 18 |  | 
| Basic commands | 348 |  | 
| Build / train | 66 |  | 
| Enter build submenu | 21 |  | 
| Enter hero's abilities submenu | 10 |  | 
| Remove unit from queue | 1 |  | 
| Right click | 552 |  | 
| Select / deselect | 689 |  | 
| Select group hotkey | 826 |  | 
| Use ability | 92 |  | 
                2624 total
 » units 
                
                | Acolyte | 8 |  | 
| Ghoul | 3 |  | 
| Crypt Fiend | 4 |  | 
| Necromancer | 8 |  | 
| Meatwagon | 5 |  | 
| Obsidian Statue | 1 |  | 
| Gargoyle | 3 |  | 
                32 total
 » upgrades
                
                | Creature Attack | 2 |  | 
| Creature Carapace | 1 |  | 
| Web | 1 |  | 
| Necromancer Training | 2 |  | 
| Exhume Corpses | 1 |  | 
| Skeletal Longevity | 1 |  | 
| Unholy Strength | 2 |  | 
| Unholy Armor | 2 |  | 
| Disease Cloud | 1 |  | 
                13 total
 » buildings
                
                | Graveyard | 1 |  | 
| Crypt | 1 |  | 
| Altar of Darkness | 1 |  | 
| Ziggurat | 7 |  | 
| Tomb of Relics | 1 |  | 
| Nerubian Tower | 1 |  | 
| Halls of the Dead | 1 |  | 
| Temple of the Damned | 2 |  | 
| Slaughterhouse | 2 |  | 
| Black Citadel | 1 |  | 
                18 total
 » build order
                00:28 Graveyard
00:32 Crypt
00:44 Altar of Darkness
01:00 Ziggurat
01:20 Tomb of Relics
01:29 Ziggurat
03:32 Nerubian Tower
05:28 Halls of the Dead
05:44 Ziggurat
08:26 Temple of the Damned
08:27 Slaughterhouse
08:30 Slaughterhouse
08:31 Temple of the Damned
08:34 Ziggurat
10:55 Ziggurat
14:07 Ziggurat
14:09 Ziggurat
18:13 Black Citadel
» items
                
                | Rod of Necromancy | 1 |  | 
| Potion of Healing | 1 |  | 
| Scroll of Town Portal | 2 |  | 
| Orb of Corruption | 1 |  | 
                5 total
  
               
              
              
shizowned (
pink | 36 APM | 2355 actions | 64:37)
              
 6 Priestess of the Moon 
 2 Searing Arrows
 3 Trueshot Aura
 1 Starfall
 5 Dark Ranger 
 3 Black Arrow
 2 Silence
 
                » actions 
                
                | Basic commands | 640 |  | 
| Build / train | 106 |  | 
| Enter build submenu | 20 |  | 
| Enter hero's abilities submenu | 11 |  | 
| Give item / drop item | 1 |  | 
| Remove unit from queue | 1 |  | 
| Right click | 650 |  | 
| Select / deselect | 805 |  | 
| Use ability | 121 |  | 
                2355 total
 » units 
                
                | Wisp | 32 |  | 
| Archer | 6 |  | 
| Huntress | 3 |  | 
| Druid of the Talon | 10 |  | 
| Dryad | 9 |  | 
| Mountain Giant | 2 |  | 
| Hippogryph | 4 |  | 
| Goblin Zeppelin | 1 |  | 
                67 total
 » upgrades
                
                | Abolish Magic | 1 |  | 
| Reinforced Hides | 2 |  | 
| Druid of the Talon Training | 2 |  | 
| Strength of the Wild | 3 |  | 
| Strength of the Moon | 1 |  | 
                9 total
 » buildings
                
                | Altar of Elders | 2 |  | 
| Ancient of War | 4 |  | 
| Moon Well | 6 |  | 
| Hunter's Hall | 2 |  | 
| Tree of Ages | 3 |  | 
| Ancient of Lore | 1 |  | 
| Ancient of Wind | 1 |  | 
| Ancient of Wonders | 1 |  | 
| Tree of Eternity | 2 |  | 
| Tree of Life | 2 |  | 
                24 total
 » build order
                00:15 Altar of Elders
00:27 Ancient of War
00:46 Moon Well
01:47 Moon Well
02:22 Hunter's Hall
03:20 Tree of Ages
03:45 Moon Well
05:10 Moon Well
05:47 Ancient of Lore
05:52 Ancient of Wind
05:58 Ancient of Wonders
09:47 Moon Well
17:27 Tree of Eternity
17:27 Tree of Eternity
20:20 Moon Well
22:44 Tree of Life
22:48 Altar of Elders
22:52 Ancient of War
23:56 Tree of Life
28:07 Hunter's Hall
28:10 Ancient of War
28:13 Ancient of War
28:32 Tree of Ages
28:32 Tree of Ages
 
                Chat log
          (00:17 / Allies) sc2no_wc4yes: they are udneudne
(00:17 / Allies) History.: MASS BMS
(00:22 / Allies) sc2no_wc4yes: 3 orc @_@
(00:25 / All) Yuki-Nagato: 3-1 for me sc cmon
(00:27 / Allies) sc2no_wc4yes: one of u mass bats
(00:29 / Allies) sc2no_wc4yes: and ill mass chims
(00:30 / Allies) raph_cool: my
(00:36 / Allies) raph_cool: I mass bat
(00:37 / All) Yuki-Nagato: make is 3-2 atleast
(00:41 / Allies) History.: ILL BAT WHYV
(00:50 / Allies) IPawnKids: i got the meelee
(00:52 / All) sc2no_wc4yes: im no good under pressure
(00:53 / Allies) History.: ILL BAT WYV\
(00:55 / All) sc2no_wc4yes: u juinx me alredy
(01:12 / Allies) sc2no_wc4yes: clear expoas asap
(01:14 / Allies) sc2no_wc4yes: so one of u is bats
(01:17 / Allies) IPawnKids: i harrasing
(01:18 / Allies) sc2no_wc4yes: tohers are tauren lust?
(01:33 / Allies) raph_cool: ill get caster
(01:46 / Allies) raph_cool: where harass??
(01:53 / Allies) sc2no_wc4yes: other guy tauren pls
(02:00 / Allies) History.: ]bat wyv
(02:01 / Allies) IPawnKids: i got the meelee
(02:06 / Allies) sc2no_wc4yes: just bats
(02:07 / Allies) sc2no_wc4yes: ur our aa
(02:17 / Allies) IPawnKids: gogo
(02:33 / Allies) IPawnKids: red
(02:36 / Allies) IPawnKids: n/m
(02:58 / Allies) sc2no_wc4yes: incoming kotg
(03:01 / Allies) sc2no_wc4yes: at top
(03:06 / Allies) IPawnKids: u gotta deal
(03:14 / Allies) IPawnKids: were coming at thi guy
(03:21 / Allies) IPawnKids: ohh no ice tower
(03:34 / Allies) sc2no_wc4yes: use burow
(03:53 / All) shizowned: lawl
(04:00 / Allies) sc2no_wc4yes: make it out alive and ill respect u forever
(04:42 / Allies) sc2no_wc4yes: k guys dont push u rluck
(04:45 / Allies) sc2no_wc4yes: ull undo all ur work
(04:52 / Allies) History.: yeah darn dust
(04:53 / Allies) sc2no_wc4yes: omfg
(04:56 / Allies) sc2no_wc4yes: learn when to quit
(05:41 / Allies) IPawnKids: still fucked 2 of them
(05:58 / Allies) sc2no_wc4yes: cklear ur expos now
(06:02 / Allies) sc2no_wc4yes: and pump units in case they hit soon
(06:20 / Allies) sc2no_wc4yes: yo we dont have shit
(06:28 / Allies) sc2no_wc4yes: we cant all straight tech after he scouted everyone
(07:21 / Allies) sc2no_wc4yes: b
(07:41 / Allies) sc2no_wc4yes: ig ot it
(08:45 / Allies) sc2no_wc4yes: cklear expo now
(08:47 / Allies) sc2no_wc4yes: we will need
(10:08 / Allies) sc2no_wc4yes: get those casters and tauren asap
(10:14 / Allies) IPawnKids: working on it
(10:43 / Allies) IPawnKids: tower up ur expos
(10:55 / Allies) sc2no_wc4yes: they coming bottom
(10:58 / Allies) sc2no_wc4yes: they have t3 melee already
(11:06 / Allies) sc2no_wc4yes: b
(11:35 / Allies) sc2no_wc4yes: back
(11:37 / Allies) sc2no_wc4yes: until taurens
(11:39 / Allies) sc2no_wc4yes: and lust
(11:43 / Allies) IPawnKids: i got some tauranb
(11:46 / Allies) sc2no_wc4yes: do not faice land
(11:47 / Allies) sc2no_wc4yes: with bats
(11:49 / Allies) sc2no_wc4yes: keep bats hidden
(11:52 / Allies) sc2no_wc4yes: dont face ladn with them
(13:08 / Allies) sc2no_wc4yes: stay b
(13:23 / Allies) sc2no_wc4yes: well we got gged
(13:51 / Allies) sc2no_wc4yes: bats and hh 
(13:53 / Allies) sc2no_wc4yes: vs mass t2
(14:16 / Allies) IPawnKids: stop making bats
(14:19 / Allies) IPawnKids:  do u see them with air
(14:19 / Allies) IPawnKids: no
(14:21 / All) Yuki-Nagato: stupid bms
(14:31 / Allies) IPawnKids: bats are worthless
(15:28 / Allies) IPawnKids: no more bats
(15:28 / Allies) sc2no_wc4yes: now all they have to do is mass aa
(15:29 / Allies) sc2no_wc4yes: and they win
(15:54 / Allies) raph_cool: ui got
(16:06 / Allies) History.: ty
(16:19 / Allies) sc2no_wc4yes: copme bats
(16:21 / Allies) sc2no_wc4yes: i have no aa
(16:57 / Allies) IPawnKids: tp out
(17:00 / Allies) IPawnKids: u can save a few chims
(17:05 / Allies) sc2no_wc4yes: blow me bm harass boy
(17:15 / Allies) sc2no_wc4yes: coem bats
(17:18 / Allies) sc2no_wc4yes: where the fuck is aa
(17:19 / Allies) IPawnKids: forgot u had green
(17:39 / Allies) sc2no_wc4yes: zzz still no melee
(17:40 / Allies) sc2no_wc4yes: fuckwit noobs
(17:46 / Allies) IPawnKids: i had to rebuild my base
(18:03 / Allies) IPawnKids: my base was demolished
(18:05 / Allies) IPawnKids: remember
(18:07 / All) sc2no_wc4yes: 3 orcs and they all wanna be the support guy
(18:16 / All) Yuki-Nagato: stop whine red 4-1
(18:19 / Allies) sc2no_wc4yes: demos?
(18:22 / Allies) sc2no_wc4yes: i need fucking melee
(18:25 / Allies) sc2no_wc4yes: not demos
(18:28 / All) Yuki-Nagato: Yet i admit 3 bms and their all clumsy
(18:33 / Allies) sc2no_wc4yes: NOT DEMOS
(18:35 / Allies) sc2no_wc4yes: FUCKSHIT
(18:36 / Allies) sc2no_wc4yes: MELEE
(18:38 / Allies) IPawnKids: FUCK
(19:22 / Allies) sc2no_wc4yes: this isnt dota
(19:25 / Allies) sc2no_wc4yes: you dont send 3 units at a time
(19:29 / Allies) sc2no_wc4yes: and thebn manage hero
(19:30 / Allies) sc2no_wc4yes: jesus christ
(19:45 / Allies) History.: for the lulz!
(19:51 / Allies) IPawnKids: green has 2k
(20:09 / Allies) IPawnKids: wood me
(20:11 / Allies) IPawnKids: cmon
(20:29 / Allies) sc2no_wc4yes: you fuckshit
(21:24 / All) sc2no_wc4yes: dota players
(21:26 / Allies) raph_cool: lumber
(22:25 / Allies) sc2no_wc4yes: go
(22:26 / Allies) IPawnKids: back up red
(22:28 / Allies) IPawnKids: back up red
(22:51 / Allies) History.: go bm!
(23:12 / Allies) IPawnKids: they keep killing my alter
(23:39 / Allies) IPawnKids: frostys
(23:48 / Allies) sc2no_wc4yes: i need aa and beef from u guys
(23:55 / Allies) sc2no_wc4yes: not kodos hh and demos
(23:57 / Allies) IPawnKids: working on it
(24:01 / Allies) IPawnKids: green
(24:03 / Allies) IPawnKids: why did u get meelee
(24:10 / Allies) sc2no_wc4yes: cuz noone else did
(24:19 / Allies) IPawnKids: i couldn't
(24:22 / Allies) IPawnKids: with a base gone
(24:24 / Allies) sc2no_wc4yes: so you didnt
(24:26 / Allies) sc2no_wc4yes: its not a blame game
(24:29 / Allies) sc2no_wc4yes: you didnt so he did
(24:30 / Allies) sc2no_wc4yes: good on him
(24:51 / Allies) sc2no_wc4yes: let top expos die
(24:59 / Allies) sc2no_wc4yes: b ready to tp top bvase
(25:01 / Allies) sc2no_wc4yes: need MASS aa
(25:01 / Allies) raph_cool: meet
(25:12 / Allies) sc2no_wc4yes: they switched to all air
(25:15 / Allies) raph_cool: unit
(26:12 / Allies) sc2no_wc4yes: all tp
(26:19 / Allies) sc2no_wc4yes: GO NOW
(26:19 / Allies) sc2no_wc4yes: TP BNOW
(26:21 / Allies) sc2no_wc4yes: YES OR NO
(26:22 / Allies) raph_cool: ok
(26:22 / Allies) sc2no_wc4yes: FUCKING ANSWER
(26:24 / Allies) sc2no_wc4yes: TP NOW
(26:24 / Allies) sc2no_wc4yes: GO
(26:38 / Allies) sc2no_wc4yes: BACDK UP
(26:40 / Allies) sc2no_wc4yes: I DIDN MAKE IT
(27:58 / Allies) sc2no_wc4yes: CAN U GUYS AT LEAST MASS TOWER A BASE
(27:58 / Allies) sc2no_wc4yes: FUCK
(28:06 / Allies) sc2no_wc4yes: i was afraid to tp cuz u turds werent
(28:08 / Allies) sc2no_wc4yes: adn said nothing
(28:12 / Allies) sc2no_wc4yes: so then i tp late and miss the boat
(29:26 / All) COLIN_FILLITER: gg
(29:41 / All) COLIN_FILLITER: helluva game
(29:47 / All) sc2no_wc4yes: my team cant even keep a bm alive
(29:50 / All) sc2no_wc4yes: and they all get 2nd hero anyway
(29:52 / All) sc2no_wc4yes: dildo noobs
(30:06 / All) sc2no_wc4yes: "aw shucks after 4 minutes of harass they bought dust"
(30:11 / Allies) raph_cool: that not over
(30:13 / All) sc2no_wc4yes: "aw shucks you said dust but id idnt read it "
(30:21 / All) Yuki-Nagato: got 2 bms on my own figure out why
(30:32 / All) sc2no_wc4yes: iw as begging them
(30:34 / All) sc2no_wc4yes: during end of harass
(30:35 / All) sc2no_wc4yes: to out
(30:37 / All) sc2no_wc4yes: and they wouldnt
(30:40 / All) sc2no_wc4yes: greed dota noobs
(30:49 / Allies) raph_cool: tp red
(32:03 / Allies) sc2no_wc4yes: eat trees into woods
(32:10 / Allies) sc2no_wc4yes: dotn mess with army
(32:13 / Allies) sc2no_wc4yes: just eat trees into woods
(32:34 / Allies) sc2no_wc4yes: dotn mess with army
(32:36 / Allies) sc2no_wc4yes: or ill stab
(32:38 / Allies) sc2no_wc4yes: get away frfomy my hero turd
(32:41 / Allies) IPawnKids: i want to win
(32:42 / Allies) sc2no_wc4yes: i see what u have selected
(34:28 / Allies) sc2no_wc4yes: u guys got any gold?
(34:30 / Allies) sc2no_wc4yes: thx
(35:03 / Allies) History.: acoi
(35:19 / All) shizowned: lol
(35:51 / Allies) sc2no_wc4yes: mass tower there pls
(35:54 / Allies) IPawnKids: k
(36:50 / Allies) IPawnKids: FUCK
(36:51 / Allies) IPawnKids: wow
(37:41 / Allies) sc2no_wc4yes: care
(38:13 / Allies) raph_cool: ah im tired
(38:17 / Allies) raph_cool: good luck guys
(39:48 / All) sc2no_wc4yes: shit lol
(39:52 / All) shizowned: lol
(40:24 / Allies) IPawnKids: tyring to rebuild
(41:09 / Allies) IPawnKids: i need wood
(41:13 / All) Yuki-Nagato: found you
(41:19 / All) sc2no_wc4yes: of course u did hacker
(41:30 / All) Yuki-Nagato: you tped away with a dott on your ass :)
(41:31 / All) shizowned: lol
(41:38 / All) sc2no_wc4yes: ahhh
(42:43 / All) sc2no_wc4yes: well it was close
(42:52 / Allies) IPawnKids: hold on
(42:52 / All) sc2no_wc4yes: if i had had one good ally with decent bm level
(42:55 / All) sc2no_wc4yes: wed be doing ok still
(42:59 / All) sc2no_wc4yes: but fckin warden is useless
(43:01 / All) Yuki-Nagato: Lol
(44:04 / All) COLIN_FILLITER: gg
(44:14 / All) shizowned: just leave plz
(44:35 / All) sc2no_wc4yes: even now he makes grunts
(44:36 / All) sc2no_wc4yes: what a fuckign turd
(44:42 / Allies) IPawnKids: tier 1?
(44:46 / All) sc2no_wc4yes: grunts
(44:58 / Allies) IPawnKids: better than 0
(44:58 / Allies) sc2no_wc4yes: what u shoudl do
(44:59 / Allies) sc2no_wc4yes: is mass towers 
(45:00 / Allies) sc2no_wc4yes: up here
(45:26 / Allies) IPawnKids: fair enough
(45:49 / Allies) IPawnKids: could we take them on?
(45:52 / Allies) sc2no_wc4yes: no
(45:54 / Allies) sc2no_wc4yes: far from it
(45:57 / Allies) sc2no_wc4yes: get the upstairs mines
(45:58 / Allies) sc2no_wc4yes: if u can
(46:01 / Allies) sc2no_wc4yes: with hero and a zeppelin
(46:02 / Allies) IPawnKids: only army i seen was blues
(46:08 / Allies) sc2no_wc4yes: pls get upstairs mines
(46:12 / Allies) IPawnKids: i am
(46:14 / Allies) sc2no_wc4yes: they have like 8 heros all over level 7
(46:15 / Allies) IPawnKids: is it cleared
(46:19 / Allies) sc2no_wc4yes: no
(46:52 / Allies) sc2no_wc4yes: get in a zepp and go upstairs
(46:52 / Allies) sc2no_wc4yes: pls
(46:56 / Allies) IPawnKids: look
(47:00 / Allies) sc2no_wc4yes: k
(47:12 / Allies) History.: blue just sent a bunch of acos out
(47:28 / Allies) IPawnKids: how u know
(47:32 / All) sc2no_wc4yes: i wish i had my other warcraft helper prog running
(47:35 / All) sc2no_wc4yes: so i could see ur resources
(47:37 / Allies) History.: the chims up there saw them
(47:43 / All) COLIN_FILLITER: yeah we know u hack
(47:57 / All) COLIN_FILLITER: cause u normally take 5 minutes to boot
(48:10 / Allies) sc2no_wc4yes: get up here too
(48:11 / Allies) IPawnKids: FUCVK
(48:16 / Allies) sc2no_wc4yes: focus on the upstairs one
(48:19 / Allies) IPawnKids: they saw this base
(48:19 / Allies) sc2no_wc4yes: dont fioght downstaiors
(48:34 / Allies) sc2no_wc4yes: they will use heros on u
(49:07 / Allies) sc2no_wc4yes: cancel it
(49:12 / Allies) sc2no_wc4yes: focus on buildng upstairs
(49:24 / Allies) IPawnKids: i just got more peasants
(49:31 / Allies) sc2no_wc4yes: let it die
(50:06 / Allies) sc2no_wc4yes: build at all upstairs locations
(50:07 / Allies) sc2no_wc4yes: this one is cleard
(50:26 / All) Yuki-Nagato: nice maphack, how pathetic
(51:19 / Allies) sc2no_wc4yes: make like 14 towers
(51:21 / Allies) sc2no_wc4yes: not just 2
(51:29 / Allies) IPawnKids: they took our my mill
(51:39 / Allies) IPawnKids: had to make another
(52:19 / Allies) sc2no_wc4yes: get 5 peons in mine
(52:27 / Allies) IPawnKids: food limit
(52:47 / All) COLIN_FILLITER: this is absurd
(52:50 / All) IPawnKids: lawl
(52:52 / All) shizowned: please just leave noob
(52:56 / All) History.: tihs is fun
(52:59 / All) sc2no_wc4yes: sicne you said please... no
(53:03 / All) History.: great game so far
(53:10 / All) Yuki-Nagato: yet with a maphacker its fun, pathetic 
(53:13 / Allies) IPawnKids: should i make air?
(53:18 / Allies) sc2no_wc4yes: just mass tower for now
(53:23 / Allies) sc2no_wc4yes: then go taurens
(53:30 / Allies) sc2no_wc4yes: can i have 350 gold?
(53:49 / All) shizowned: noob
(54:09 / All) History.: your thinking gosh dangit thought that was it
(54:14 / Allies) IPawnKids: where is pinks units
(54:38 / Allies) sc2no_wc4yes: tech it up
(55:01 / All) History.: anybody see taken in here?
(55:09 / All) COLIN_FILLITER: taken.    ?
(55:14 / All) History.: the movie
(55:19 / All) History.: wonderful
(55:26 / Allies) IPawnKids: help me clear
(55:40 / Allies) sc2no_wc4yes: omw
(56:39 / All) History.: this could go into tomorrow (srs)
(57:09 / Allies) sc2no_wc4yes: shit i showed them with faeire fire  again i think
(57:25 / Allies) sc2no_wc4yes: dont make towers too close to edge
(57:28 / Allies) sc2no_wc4yes: or trhey can starfall easy
(57:51 / Allies) sc2no_wc4yes: get a tp dude
(58:33 / All) IPawnKids: u win
(58:35 / Allies) IPawnKids: ;)
(58:36 / Allies) IPawnKids: lol
(58:40 / Allies) History.: lil
(58:42 / Allies) History.: ha
(58:44 / Allies) sc2no_wc4yes: when they grow a brain
(58:46 / Allies) sc2no_wc4yes: they will sell items
(58:49 / Allies) sc2no_wc4yes: and buy a zepp
(58:52 / Allies) sc2no_wc4yes: and use their ults
(59:38 / Allies) sc2no_wc4yes: tower that too
(59:43 / Allies) IPawnKids: wood low
(59:46 / Allies) IPawnKids: i need to get more
(60:20 / Allies) sc2no_wc4yes: gime some gold
(60:22 / Allies) sc2no_wc4yes: for items
(60:23 / Allies) sc2no_wc4yes: like 700
(60:29 / Allies) sc2no_wc4yes: thx
(60:53 / Allies) IPawnKids: FUCK
(61:00 / Allies) sc2no_wc4yes: how
(61:07 / Allies) History.: zep
(61:08 / Allies) sc2no_wc4yes: he has a zepp
(61:09 / Allies) sc2no_wc4yes: make a shop
(61:11 / Allies) sc2no_wc4yes: and tech tier 3
(61:13 / Allies) sc2no_wc4yes: i need orb
(61:15 / Allies) sc2no_wc4yes: to kill zepp
(62:23 / Allies) IPawnKids: wth
(62:30 / Allies) sc2no_wc4yes: wtf r u doin
(62:33 / Allies) sc2no_wc4yes: no more grunt antic pls
(62:34 / Allies) IPawnKids: dragons
(62:45 / Allies) IPawnKids: still teching
(63:08 / Allies) sc2no_wc4yes: focus the dryad
(63:09 / Allies) sc2no_wc4yes: then the dr
(63:36 / Allies) sc2no_wc4yes: godl pls
(63:37 / Allies) sc2no_wc4yes: for more items
(63:55 / Allies) IPawnKids: yo
(63:59 / Allies) IPawnKids: go near a goblin place
(64:00 / Allies) IPawnKids: i need a zep
(64:11 / All) shizowned: lol
(64:32 / All) shizowned: gg mates
(64:35 / All) sc2no_wc4yes: gg